 Dungeon Crawl Stone Soup version 0.26-a0-660-gc07710193c (webtiles) character file.

Game seed: 180015382145040696

551 oldriver the Cudgeler (level 7, 0/66 HPs)
             Began as a Gargoyle Fighter on Oct 8, 2020.
             Slain by an orc priest
             ... wielding a +0 hand axe
              (9 damage)
             ... on level 4 of the Dungeon.
             The game lasted 00:04:06 (3551 turns).

oldriver the Cudgeler (Gargoyle Fighter)            Turns: 3551, Time: 00:04:08

Health: 0/66       AC: 13    Str: 19    XL:     7   Next: 29%
Magic:  0/7        EV:  7    Int:  9    God:
Gold:   193        SH:  9    Dex: 11    Spells: 6/6 levels left

rFire    . . .     SeeInvis +   y - +6 flail
rCold    . . .     Faith    .   c - +0 kite shield
rNeg     + . .     Spirit   +   b - +0 scale mail
rPois    ∞         Reflect  .   (no helmet)
rElec    +         Harm     .   (no cloak)
rCorr    .         Rampage  .   v - +0 pair of gloves
MR       .....                  (no boots)
Stlth    ..........             f - amulet of guardian spirit
HPRegen  0.21/turn              e - ring of see invisible
MPRegen  0.10/turn              m - ring of stealth

@: berserking, slowed
A: negative energy resistance 1, electricity resistance, unbreathing,
petrification resistance, rot immunity, AC +4
a: no special abilities


You were on level 4 of the Dungeon.
You visited 1 branch of the dungeon, and saw 4 of its levels.

You collected 193 gold pieces.

Inventory:

Hand Weapons
 y - a +6 flail (weapon)
Armour
 b - a +0 scale mail (worn)
 c - a +0 kite shield (worn)
 v - a +0 pair of gloves (worn)
Jewellery
 e - a ring of see invisible (left hand)
 f - an amulet of guardian spirit (around neck)
 k - an uncursed ring of ice
 m - a ring of stealth (right hand)
 w - an uncursed amulet of reflection {unknown}
Wands
 u - a wand of flame (23)
Scrolls
 g - 3 scrolls of identify
 h - a scroll of amnesia {unknown}
 o - 3 scrolls of teleportation {unknown}
 p - 4 scrolls of remove curse
 q - a scroll of immolation {unknown}
 s - a scroll of blinking {unknown}
 t - a scroll of enchant weapon {unknown}
Potions
 d - a potion of might
 i - 2 potions of berserk rage
 j - 3 potions of curing {unknown}
 l - 2 potions of magic {unknown}
 n - 2 potions of heal wounds {unknown}
 r - a potion of degeneration {unknown}
 x - a potion of invisibility {unknown}
 z - a potion of lignification {unknown}


   Skills:
 * Level 4.9 Fighting
 * Level 5.5 Maces & Flails
 + Level 4.1 Armour
 + Level 0.7 Dodging
 + Level 0.1 Stealth
 + Level 4.9 Shields


You had 6 spell levels left.
You didn't know any spells.
Your spell library contained the following spells:

 Spells                   Type           Power        Failure   Level
 Foxfire                  Conj/Fire      #...         99%         1
 Conjure Flame            Conj/Fire      #.......     100%        3
 Inner Flame              Hex/Fire       #.......     100%        3
 Sticky Flame             Conj/Fire      #.......     100%        4
 Fireball                 Conj/Fire      #.........   100%        5


Dungeon Overview and Level Annotations

Branches:
Dungeon (4/15)
 Temple: D:4-7

Altars:
Dithmenos
Elyvilon
Hepliaklqana
Uskayaw

Shops:
D:4 }


Innate Abilities, Weirdness & Mutations

You are resistant to torment.
Your stone body is resilient. (AC +4)
You are immune to poison.
You resist negative energy. (rN+)
You are resistant to electric shocks. (rElec)
You can survive without breathing.
You are immune to petrification.
You are immune to rotting.


Message History

You hit the orc priest.
The orc priest is heavily wounded.
The orc priest barely misses you.
You barely miss the orc priest.
The orc priest is heavily wounded.
The orc wizard gestures wildly while chanting.
The orc wizard seems to speed up.
The orc priest barely misses you.
The orc priest hits you but does no damage.
You closely miss the orc priest.
The orc priest is heavily wounded.
The orc priest barely misses you.
The orc priest hits you with a +0 hand axe.
* * * LOW HITPOINT WARNING * * *
It was a potion of berserk rage.
A red film seems to cover your vision as you go berserk!
You feel yourself moving faster!
You feel mighty! The orc wizard closely misses you.
The orc wizard hits you but does no damage.
The orc priest hits you with a +0 hand axe!
You die...

#.# ######.......#
##......... #.#
#......#.#.#.# ##>..###..).
#<# #.####..###..#
#.....#..... ##.# #.# ##.##
##.###.......##.# ...# #.#
#.## ##)............# ##.#
#.# ##.## ##.###.....######
#.####(#####.###..........#
#.............#)o####.....#
#<...)........o@........###
######...........########
#############


You could see an orc priest (strong) and an orc wizard (fast).

Vanquished Creatures
  A hound (D:4)
  An orc priest (D:4)
  Jessica (D:2)
  Natasha (thrice) (D:3)
  2 worker ants (D:4)
  4 orc wizards
  Robin (D:4)
  5 adders
  A shadow imp (D:4)
  A white imp (D:3)
  2 oozes
  3 worms (D:2)
  2 dart slugs
  3 leopard geckos
  22 orcs
  10 bats
  3 giant cockroaches
  20 goblins
  10 hobgoblins
  6 jackals
  8 kobolds
  3 quokkas
  5 frilled lizards
  6 rats
123 creatures vanquished.

Notes
Turn   | Place    | Note
-------+----------+-------------------------------------------
     0 | D:1      | oldriver the Gargoyle Fighter began the quest for the Orb.
     0 | D:1      | Reached XP level 1. HP: 14/14 MP: 1/1
   126 | D:1      | Reached XP level 2. HP: 19/19 MP: 2/2
   380 | D:1      | Reached XP level 3. HP: 24/24 MP: 3/3
   694 | D:2      | Noticed Jessica
   712 | D:2      | Killed Jessica
   712 | D:2      | Reached XP level 4. HP: 29/29 MP: 4/4
  1016 | D:2      | Reached skill level 3 in Maces & Flails
  1037 | D:2      | Reached XP level 5. HP: 17/33 MP: 3/5
  1543 | D:3      | Found a hide-covered altar of Uskayaw.
  1807 | D:3      | Reached skill level 4 in Maces & Flails
  1834 | D:3      | Reached XP level 6. HP: 39/39 MP: 6/6
  2059 | D:3      | Noticed Natasha
  2070 | D:3      | Killed Natasha
  2107 | D:3      | Noticed Natasha
  2117 | D:3      | Killed Natasha
  2126 | D:3      | Noticed Natasha
  2141 | D:3      | Killed Natasha
  2251 | D:3      | Found a shadowy altar of Dithmenos.
  2251 | D:3      | Found a hazy altar of Hepliaklqana.
  2683 | D:4      | Reached skill level 5 in Maces & Flails
  2754 | D:4      | Found a white marble altar of Elyvilon.
  2762 | D:4      | Noticed Robin
  3073 | D:4      | Killed Robin
  3073 | D:4      | Reached XP level 7. HP: 40/44 MP: 5/7
  3211 | D:4      | Found Togri's Gadget Shop.
  3551 | D:4      | Slain by an orc priest

Illustrated notes

Levels and vault maps discovered:
D:1:      grunt_arrival_crossed_arrows, layout_rooms, serial_curves,
          eino_curves_02, eino_curves_01, eino_curves_04, eino_curves_02
D:2:      layout_rooms, chequers_serial_rivers_small_3, minmay_quadrilaterals,
          uniq_jessica
D:3:      layout_basic, gammafunk_temple_overflow_forgotten, uniq_natasha
D:4:      layout_loops_ring, elyvilon_altar_5, nicolae_ru_awakened_eye,
          serial_shops, shop, chequers_arboretum, uniq_robin

Skill      XL: |  1  2  3  4  5  6 |
---------------+-------------------+-----
Shields        | 4 |  4.9
Fighting       | 4 |  4.9
Maces & Flails | 3 4 5 |  5.5
Armour         | 4 |  4.1
Dodging        | |  0.7
Stealth        | |  0.1

Action                   |  1- 3 |  4- 6 |  7- 9 || total
-------------------------+-------+-------+-------++-------
Melee: Flail             |    86 |   322 |    54 ||   462
       Unarmed           |       |    12 |       ||    12
  Use: Scroll            |       |     2 |       ||     2
       Potion            |       |       |     1 ||     1
Armor: Scale mail        |    49 |   232 |    23 ||   304
       Skin              |       |     2 |       ||     2
Dodge: Dodged            |    28 |   111 |    23 ||   162
Block: Kite shield       |    60 |   200 |    25 ||   285

Table legend: (Time is in decaauts)
 A = Elapsed time spent in this place.
 B = Non-inter-level travel time spent in this place.
 C = Inter-level travel time spent in this place.
 D = Time resting spent in this place.
 E = Time spent auto-exploring this place.
 F = Levels seen in this place.
 G = Mean time per level.
                   A        B        C        D        E       F      G
               +--------+--------+--------+--------+--------+-----+--------+
         Total |   3681 |   3604 |     77 |    418 |   2215 |   4 |  920.2 |
       Dungeon |   3681 |   3604 |     77 |    418 |   2215 |   4 |  920.2 |
               +--------+--------+--------+--------+--------+-----+--------+

Top non-repeatable levels by time:
     D:3: 1445 daAuts
     D:2: 930 daAuts
     D:4: 691 daAuts
     D:1: 614 daAuts
